 Dungeon Crawl Stone Soup version 0.22-a0-858-g985ef60 (webtiles) character file.

39 prawnwizard the Poker (level 3, -4/30 HPs)
             Began as a Merfolk Monk on July 27, 2018.
             Killed from afar by an orc wizard (7 damage)
             ... with a magic dart
             ... on level 2 of the Dungeon.
             The game lasted 00:01:49 (1686 turns).

prawnwizard the Poker (Merfolk Monk)                Turns: 1686, Time: 00:01:49

Health: -4/30      AC:  3    Str: 12    XL:     3   Next: 47%
Magic:  3/3        EV: 14    Int:  9    God:
Gold:   26         SH:  0    Dex: 16    Spells: 2/2 levels left

rFire    . . .     SeeInvis .   a - +0 spear
rCold    . . .     Gourm    .   (no shield)
rNeg     . . .     Faith    .   d - +0 leather armour
rPois    .         Spirit   .   (no helmet)
rElec    .         Reflect  .   (no cloak)
rCorr    .         Harm     .   (no gloves)
MR       .....                  (no boots)
Stlth    ++........             (no amulet)
HPRegen  0.10/turn              (no ring)
MPRegen  0.08/turn              (no ring)

@: no status effects
A: change form in water, swift swim, stealthy swim
a: no special abilities


You were on level 2 of the Dungeon.
You were not hungry.

You visited 1 branch of the dungeon, and saw 2 of its levels.

You collected 26 gold pieces.

Inventory:

Hand Weapons
 a - a +0 spear (weapon)
Armour
 b - a +0 robe
 d - a +0 leather armour (worn)
 i - a +0 chain mail
Scrolls
 e - a scroll of remove curse {unknown}
 g - a scroll of identify {unknown}
 j - a scroll of enchant armour {unknown}
Potions
 h - a potion of heal wounds {unknown}
Comestibles
 c - a ration


   Skills:
 + Level 3.7 Fighting
 * Level 5.5 Polearms
 + Level 4.5 Dodging
 - Level 2.1 Stealth


You had 2 spell levels left.
You didn't know any spells.
Your spell library was empty.

Dungeon Overview and Level Annotations

Branches:
Dungeon (2/15)

Altars:


Message History

You are too injured to fight recklessly!
You closely miss the orc wizard.
The orc wizard hits you but does no damage.
You hit the orc wizard.
The orc wizard is moderately wounded.
The orc wizard hits you but does no damage.
You miss the orc wizard.
The orc wizard is moderately wounded.
The orc wizard casts a spell at you. The magic dart hits you!
You hit the orc wizard but do no damage.
The orc wizard is moderately wounded.
The orc wizard gestures at you while chanting.
The magic dart hits you!
* * * LOW HITPOINT WARNING * * *
You hit the orc wizard.
The orc wizard is heavily wounded.
The orc wizard points at you and mumbles some strange words.
The magic dart hits you!
You die...

#.#.####.##...(#.#
#.#....§.......#.#
#.#.####.###...#.#
#o#.# #.#####.#.#
#.#)####.......#.#
#o#....#.......#.# #
#.####.#..o....#.# #
#.####.#.......#.# #
#.#@o..#.......#'###
#.##########...)....
#..§................
#############(.........
#..............########
##.##########.##.......
#.# #.##.#####. #.#
#.##.# #. #.#
#.##.#####.


You could see an orc wizard.

Vanquished Creatures
  An ooze (D:1)
  A dart slug (D:1)
  A leopard gecko (D:1)
  2 orcs (D:2)
  3 giant cockroaches
  4 goblins (D:1)
  4 hobgoblins (D:1)
  2 jackals (D:1)
  2 kobolds
  5 bats
  3 frilled lizards (D:1)
  A rat (D:1)
29 creatures vanquished.

Notes
Turn   | Place    | Note
-------+----------+-------------------------------------------
     0 | D:1      | prawnwizard the Merfolk Monk began the quest for the Orb.
     0 | D:1      | Reached XP level 1. HP: 18/18 MP: 1/1
   173 | D:1      | Reached XP level 2. HP: 16/24 MP: 2/2
   578 | D:1      | Reached skill level 5 in Polearms
   789 | D:1      | Reached XP level 3. HP: 28/29 MP: 3/3
  1385 | D:2      | HP: 1/30 [orc/war axe (11)]
  1686 | D:2      | Killed from afar by an orc wizard

Vault maps used:
D:1:      dpeg_arrival_concentric_ovals

Skill      XL: |  1  2 |
---------------+-------+-----
Polearms       | 5 |  5.5
Fighting       | |  3.7
Dodging        | |  4.5
Stealth        | |  2.1

Action                   || total
-------------------------++-------
Melee: Spear             ||   135
 Stab: Sleeping          ||    12
       Distracted        ||     1
  Eat: Ration            ||     1
       Chunk             ||     1
Armor: Robe              ||     2
       Leather armour    ||    15
Dodge: Dodged            ||    59

Table legend:
 A = Spawn XP
 B = Non-spawn XP
 C = Spawn XP percentage of total XP
 D = Spawn monster count
 E = Non-spawn monster count
 F = Spawn count percentage of total count
 G = Total turns spent on level
                    A         B        C        D         E        F      G
               +---------+---------+-------+---------+---------+-------+---------
         Total |       0 |      57 |   0.0 |       0 |      29 |   0.0 |  1686
               +---------+---------+-------+---------+---------+-------+---------
           D:1 |       0 |      47 |   0.0 |       0 |      24 |   0.0 |  1386
           D:2 |       0 |      10 |   0.0 |       0 |       5 |   0.0 |   300
               +---------+---------+-------+---------+---------+-------+---------
